[Event "ICC tourney 3119 (40 10)"]
[Site "Internet Chess Club"]
[Date "2023.02.04"]
[Round "3"]
[White "GUAN, MARIE:marieplaychess"]
[Black "STONE, GILBERT L:tightfist"]
[Result "1-0"]
[ICCResult "Black checkmated"]
[WhiteElo "949"]
[BlackElo "1200"]
[Opening "French: advance, Paulsen attack"]
[ECO "C02"]
[NIC "FR.03"]
[Time "15:31:12"]
[PlyCount "163"]
[TimeControl "2400+10"]

1. e4 e6 2. d4 d5 3. e5 c5 4. c3 Nc6 5. Nf3 Qb6 6. a3 Nge7 7. Bd3 Nf5 8. Bc2
cxd4 9. cxd4 Bd7 10. O-O Ncxd4 11. Nxd4 Qxd4 12. Bxf5 Qxd1 13. Rxd1 exf5 14.
Rxd5 Be6 15. Rd3 Bc5 16. Nc3 O-O 17. Rg3 Kh8 18. Bf4 Rfd8 19. h3 Bd4 20. Rc1
a6 21. Bg5 Bxe5 22. Re3 Bf6 23. Bf4 Rac8 24. Kh2 g5 25. Be5 Kg7 26. Bxf6+
Kxf6 27. Rce1 Rd2 28. R3e2 Rcd8 29. g4 Rxe2 30. Rxe2 fxg4 31. hxg4 Bxg4 32.
Re3 Bf5 33. Rf3 Rd3 34. Ne4+ Ke5 35. Rxd3 Kxe4 36. Re3+ Kd5 37. Re7 Be6 38.
Rxb7 Kc6 39. Rb4 h5 40. Kg2 h4 41. f3 f5 42. Rb8 Kc5 43. Re8 Kd6 44. Ra8 Bc4
45. b3 Bxb3 46. Rxa6+ Ke5 47. Rb6 Ba4 48. Rb4 Bc6 49. a4 Kd5 50. a5 Kc5 51.
Rb2 g4 52. a6 Bxf3+ 53. Kf2 h3 54. Kg3 f4+ 55. Kxf4 h2 56. Rxh2 Kb6 57. Rh6+
Ka7 58. Rd6 Be2 59. Ke3 Bxa6 60. Rg6 Bc8 61. Rc6 Kb7 62. Rg6 Kc7 63. Kf4 Bd7
64. Ke5 Kd8 65. Kd6 Ke8 66. Rg5 Kd8 67. Rg8+ Be8 68. Rxg4 Kc8 69. Rg8 Kd8
70. Ke6 Kc7 71. Rxe8 Kc6 72. Rc8+ Kb7 73. Kd7 Kb6 74. Kd6 Kb7 75. Rc3 Kb6
76. Rb3+ Ka5 77. Kc5 Ka4 78. Rb7 Ka3 79. Kc4 Ka2 80. Kc3 Ka1 81. Kc2 Ka2 82.
Ra7# {Black checkmated} 1-0

[Event "ICC tourney 3119 (40 10)"]
[Site "Internet Chess Club"]
[Date "2023.02.04"]
[Round "4"]
[White "Ganguly, Maitreya:mganguly"]
[Black "Yan, Rayna:K01-30157975"]
[Result "1-0"]
[ICCResult "Black checkmated"]
[WhiteElo "975"]
[BlackElo "1034"]
[Opening "Giuoco Pianissimo"]
[ECO "C50"]
[NIC "IG.02"]
[Time "17:45:39"]
[PlyCount "43"]
[TimeControl "2400+10"]

1. e4 e5 2. Nf3 Nc6 3. Bc4 Bc5 4. d3 Nf6 5. c3 d5 6. exd5 Nxd5 7. O-O O-O 8.
Qb3 Nb6 9. Bg5 Be7 10. Bxe7 Qxe7 11. Bb5 a6 12. Bxc6 bxc6 13. Re1 Re8 14.
Rxe5 Qd7 15. d4 Bb7 16. Rxe8+ Rxe8 17. Nbd2 Re2 18. Qd1 Qe8 19. Ne5 Rxe5 20.
dxe5 Qxe5 21. Nf3 Qb5 22. Qd8# {Black checkmated} 1-0

[Event "ICC tourney 3119 (40 10)"]
[Site "Internet Chess Club"]
[Date "2023.02.04"]
[Round "4"]
[White "LIN, CARL:K01-17110834"]
[Black "STONE, GILBERT L:tightfist"]
[Result "1-0"]
[ICCResult "Black resigns"]
[WhiteElo "1246"]
[BlackElo "1200"]
[Opening "French: exchange variation"]
[ECO "C01"]
[NIC "FR.01"]
[Time "17:46:13"]
[PlyCount "65"]
[TimeControl "2400+10"]

1. e4 e6 2. d4 d5 3. exd5 exd5 4. Bd3 Nf6 5. Nc3 Be7 6. Nf3 O-O 7. O-O c6 8.
h3 Nbd7 9. Bf4 Re8 10. Re1 Nf8 11. Bg5 Ng6 12. Qd2 Be6 13. Bxg6 hxg6 14.
Bxf6 Bxf6 15. Re2 Qd6 16. Rae1 Bd7 17. Ne5 Bxe5 18. Rxe5 f6 19. Rxe8+ Rxe8
20. Rxe8+ Bxe8 21. Qe3 Kf7 22. Ne2 Qb4 23. b3 Qe1+ 24. Kh2 Bd7 25. g4 Qb1
26. Qd3 Qxa2 27. Nf4 f5 28. h4 Qa6 29. Qxa6 b6 30. gxf5 Bxf5 31. Qxa7+ Kf6
32. Qxb6 Bd7 33. Qc7 {Black resigns} 1-0

[Event "ICC tourney 3119 (40 10)"]
[Site "Internet Chess Club"]
[Date "2023.02.04"]
[Round "4"]
[White "COHEN, THEODORE:tcohen"]
[Black "GUAN, MARIE:marieplaychess"]
[Result "0-1"]
[ICCResult "White resigns"]
[WhiteElo "1075"]
[BlackElo "949"]
[Opening "Queen's pawn, Mason variation, Steinitz counter-gambit"]
[ECO "D00"]
[NIC "QP.08"]
[Time "17:45:43"]
[PlyCount "80"]
[TimeControl "2400+10"]

1. d4 d5 2. Bf4 c5 3. e3 Nc6 4. Nf3 Nf6 5. c3 e6 6. Bd3 Be7 7. Nbd2 Qb6 8.
b3 O-O 9. O-O Qd8 10. Qc2 b6 11. Rfe1 a6 12. e4 dxe4 13. Nxe4 Nxe4 14. Bxe4
Qd7 15. dxc5 f5 16. Bxc6 Qxc6 17. cxb6 Qxb6 18. c4 Bf6 19. Be5 Bb7 20. Bxf6
Rxf6 21. c5 Qc6 22. Re3 Qe8 23. Nd4 Qg6 24. c6 Bc8 25. c7 e5 26. Rxe5 Bb7
27. f3 Rc8 28. Nxf5 Rc6 29. Ne7+ Kf7 30. Nxc6 Qxc2 31. Re7+ Kf6 32. Rae1
Qxc6 33. g4 Qc5+ 34. Kg2 Qc2+ 35. Kh3 Rxc7 36. R1e6+ Kg5 37. Re5+ Kh6 38.
R7e6+ g6 39. Rh5+ Kg7 40. Rhe5 Bxf3 {White resigns} 0-1

[Event "ICC tourney 3119 (40 10)"]
[Site "Internet Chess Club"]
[Date "2023.02.04"]
[Round "4"]
[White "WESLEY, GEORGE:Maglars"]
[Black "ANGELCHIK, JACOB:t105mm"]
[Result "1-0"]
[ICCResult "Black resigns"]
[WhiteElo "954"]
[BlackElo "1232"]
[Opening "English opening"]
[ECO "A17"]
[NIC "EO.64"]
[Time "17:46:07"]
[PlyCount "37"]
[TimeControl "2400+10"]

1. c4 Nf6 2. Nc3 e6 3. e3 d5 4. cxd5 exd5 5. Nf3 Bf5 6. Nd4 Bg6 7. g3 c5 8.
Nf3 d4 9. exd4 cxd4 10. Qa4+ Nc6 11. Ne2 d3 12. Nf4 Qe7+ 13. Kd1 Ne4 14.
Nxd3 Rd8 15. Nfe5 Nxf2+ 16. Nxf2 Qxe5 17. Bg2 Bh5+ 18. g4 Bg6 19. Re1
{Black resigns}
1-0

[Event "ICC tourney 3119 (40 10)"]
[Site "Internet Chess Club"]
[Date "2023.02.04"]
[Round "4"]
[White "Dillibabu, Jaithra:JaithraDilli"]
[Black "Ledas, Armandas:ArmandasLedas"]
[Result "0-1"]
[ICCResult "White checkmated"]
[WhiteElo "1283"]
[BlackElo "1397"]
[Opening "Queen's pawn, Mason variation"]
[ECO "D00"]
[NIC "QP.08"]
[Time "17:45:36"]
[PlyCount "64"]
[TimeControl "2400+10"]

1. d4 d5 2. Bf4 Bf5 3. e3 Nf6 4. Nf3 e6 5. Bd3 Bg6 6. c3 Bd6 7. Bg3 c5 8.
dxc5 Bxc5 9. Qc2 Nc6 10. Bxg6 fxg6 11. Nbd2 Qd7 12. h3 Bd6 13. Bxd6 Qxd6 14.
O-O-O Rc8 15. Kb1 b5 16. Qb3 O-O 17. e4 b4 18. c4 d4 19. Rhe1 Na5 20. Qa4
Qb6 21. e5 Nh5 22. c5 Rxc5 23. Ne4 Rd5 24. Qc2 Nf4 25. Rg1 d3 26. Qd2 Ne2
27. Rgf1 Rc8 28. Ng3 Rc2 29. Qe1 Nc4 30. Nd2 Rxb2+ 31. Ka1 Qa6 32. Nxc4
Qxa2# {White checkmated} 0-1

[Event "ICC tourney 3119 (40 10)"]
[Site "Internet Chess Club"]
[Date "2023.02.04"]
[Round "4"]
[White "STINSON, RUSSELL:rcstinson"]
[Black "GAW, CHRISTIAN:cman-g"]
[Result "1-0"]
[ICCResult "Black checkmated"]
[WhiteElo "1383"]
[BlackElo "976"]
[Opening "Nimzovich-Larsen attack: modern variation"]
[ECO "A01"]
[NIC "VO.08"]
[Time "17:45:40"]
[PlyCount "35"]
[TimeControl "2400+10"]

1. b3 e5 2. Bb2 Nc6 3. e3 Nf6 4. Bb5 d6 5. Nf3 Bd7 6. d4 e4 7. d5 exf3 8.
dxc6 bxc6 9. Bf1 fxg2 10. Bxg2 Be7 11. Nd2 O-O 12. Rg1 Bg4 13. Bf3 Bxf3 14.
Qxf3 Re8 15. Ne4 Nxe4 16. Rxg7+ Kh8 17. Qxf7 Bf6 18. Rxh7# {Black
checkmated} 1-0

[Event "ICC tourney 3119 (40 10)"]
[Site "Internet Chess Club"]
[Date "2023.02.04"]
[Round "4"]
[White "Cao, Frank Zhongtian:FrankCao"]
[Black "GAW, ZACHARY:zman-g"]
[Result "1-0"]
[ICCResult "Black checkmated"]
[WhiteElo "1320"]
[BlackElo "859"]
[Opening "Ruy Lopez: Graz variation"]
[ECO "C70"]
[NIC "RL.09"]
[Time "17:45:36"]
[PlyCount "115"]
[TimeControl "2400+10"]

1. e4 e5 2. Nf3 Nc6 3. Bb5 a6 4. Ba4 b5 5. Bb3 Bc5 6. c3 Nf6 7. d3 h6 8. O-O
d6 9. d4 exd4 10. cxd4 Ba7 11. Re1 O-O 12. Nc3 Bg4 13. d5 Ne5 14. Be3 Nxf3+
15. gxf3 Bh3 16. Bxa7 Rxa7 17. Kh1 Nh5 18. Ne2 Qf6 19. Ng3 Nxg3+ 20. fxg3
Qxb2 21. Re2 Qf6 22. Rc2 Re8 23. Rac1 Rc8 24. Rc3 Qe7 25. Qg1 Bd7 26. Qxa7
Bh3 27. Rxc7 Rxc7 28. Qxc7 Qf6 29. Qc3 Qg6 30. Qe3 Bd7 31. f4 f6 32. f5 Qf7
33. Rc7 Qe8 34. Kg2 Bxf5 35. Kf2 Bh7 36. Bc2 Bg6 37. Qa7 Bf7 38. Qxa6 Kf8
39. Qxd6+ Kg8 40. Qc6 Qe5 41. Qa8+ Be8 42. Rc8 Kf8 43. Rxe8+ Qxe8 44. Qxe8+
Kxe8 45. Bd3 b4 46. Ke3 Kd7 47. Kd4 Kd6 48. Kc4 Kc7 49. Kxb4 Kb6 50. a4 g5
51. d6 g4 52. d7 Kc7 53. Bb5 h5 54. a5 h4 55. a6 hxg3 56. a7 gxh2 57. a8=Q
h1=Q 58. d8=Q# {Black checkmated} 1-0

[Event "ICC tourney 3119 (40 10)"]
[Site "Internet Chess Club"]
[Date "2023.02.04"]
[Round "5"]
[White "SANGAL LOPEZ, DEV:devsl"]
[Black "Bolme, Thomas Bradley:ThomasBradley75"]
[Result "1-0"]
[ICCResult "Black checkmated"]
[WhiteElo "1154"]
[BlackElo "632"]
[Opening "Caro-Kann: Panov-Botvinnik attack"]
[ECO "B13"]
[NIC "CK.02"]
[Time "20:00:43"]
[PlyCount "51"]
[TimeControl "2400+10"]

1. e4 c6 2. d4 d5 3. exd5 cxd5 4. c4 Be6 5. Nc3 Nc6 6. Nf3 Nf6 7. cxd5 Bxd5
8. Bg5 h6 9. Bh4 Ne4 10. Bd3 Nxc3 11. bxc3 e6 12. O-O Qc7 13. Bg3 Bd6 14. c4
Bxg3 15. cxd5 Nxd4 16. hxg3 Nxf3+ 17. Qxf3 O-O-O 18. dxe6 fxe6 19. Rac1 Rhf8
20. Rxc7+ Kxc7 21. Rc1+ Kd7 22. Bb5+ Ke7 23. Qxb7+ Kf6 24. Re1 Rd2 25. Qe4
Kf7 26. Qxe6# {Black checkmated} 1-0

[Event "ICC tourney 3119 (40 10)"]
[Site "Internet Chess Club"]
[Date "2023.02.04"]
[Round "5"]
[White "STONE, GILBERT L:tightfist"]
[Black "ANGELCHIK, JACOB:t105mm"]
[Result "1-0"]
[ICCResult "Black resigns"]
[WhiteElo "1200"]
[BlackElo "1232"]
[Opening "Polish (Sokolsky) opening"]
[ECO "A00"]
[NIC "VO.10"]
[Time "20:00:41"]
[PlyCount "53"]
[TimeControl "2400+10"]

1. b4 e5 2. Bb2 f6 3. b5 Bc5 4. e3 c6 5. d4 exd4 6. exd4 Bb6 7. Nf3 d5 8. c4
cxb5 9. cxb5 Bf5 10. Nc3 Ne7 11. Nh4 Bd7 12. Bd3 O-O 13. O-O Bxd4 14. Bxh7+
Kxh7 15. Qxd4 Be6 16. Rfe1 Nf5 17. Nxf5 Bxf5 18. Qxd5 Qxd5 19. Nxd5 Nd7 20.
Re7 Rae8 21. Rae1 Rxe7 22. Rxe7 Kg6 23. h3 Nc5 24. Ba3 b6 25. Rxa7 Re8 26.
Ne7+ Rxe7 27. Rxe7 {Black resigns} 1-0

[Event "ICC tourney 3119 (40 10)"]
[Site "Internet Chess Club"]
[Date "2023.02.04"]
[Round "5"]
[White "LIN, CARL:K01-17110834"]
[Black "COHEN, THEODORE:tcohen"]
[Result "1-0"]
[ICCResult "Black resigns"]
[WhiteElo "1246"]
[BlackElo "1075"]
[Opening "Giuoco Piano"]
[ECO "C54"]
[NIC "IG.02"]
[Time "20:02:15"]
[PlyCount "83"]
[TimeControl "2400+10"]

1. e4 e5 2. Nf3 Nc6 3. Bc4 Bc5 4. c3 Nf6 5. d4 exd4 6. cxd4 Bb6 7. Nc3 O-O
8. O-O Re8 9. Re1 d6 10. h3 Be6 11. d5 Na5 12. Bd3 Bd7 13. b4 c6 14. bxa5
Bxa5 15. Bb2 cxd5 16. exd5 Rxe1+ 17. Qxe1 Nxd5 18. Rc1 Nf4 19. Qe3 Qf6 20.
Nd1 Nd5 21. Bxf6 Nxe3 22. Nxe3 gxf6 23. Nd5 Kg7 24. Kh2 Be6 25. Ne3 Bxa2 26.
Ra1 Bc7 27. Rxa2 d5+ 28. g3 d4 29. Nf5+ Kf8 30. N5xd4 a5 31. Nb5 Bd8 32. Be4
a4 33. Na3 Rb8 34. Bxh7 b5 35. Nxb5 Rxb5 36. Rxa4 Rb2 37. Kg1 Bb6 38. Nh2
Rxf2 39. Kh1 Rd2 40. Ra1 Bd4 41. Rc1 Be5 42. Nf3 {Black resigns} 1-0

[Event "ICC tourney 3119 (40 10)"]
[Site "Internet Chess Club"]
[Date "2023.02.04"]
[Round "5"]
[White "GUAN, MARIE:marieplaychess"]
[Black "Ledas, Armandas:ArmandasLedas"]
[Result "1/2-1/2"]
[ICCResult "Game drawn by repetition"]
[WhiteElo "949"]
[BlackElo "1397"]
[Opening "Petrov: Cozio (Lasker) attack"]
[ECO "C42"]
[NIC "RG.03"]
[Time "20:00:44"]
[PlyCount "212"]
[TimeControl "2400+10"]

1. e4 e5 2. Nf3 Nf6 3. Nxe5 d6 4. Nf3 Nxe4 5. Qe2 Qe7 6. d3 Nf6 7. Nc3 Nc6
8. Be3 Be6 9. g3 g6 10. Bg2 Bg7 11. O-O-O O-O-O 12. Kb1 Rhe8 13. Rhe1 Nd5
14. Nxd5 Bxd5 15. Qd2 Qf6 16. c3 Bxf3 17. Bh3+ Kb8 18. Bg5 Bxd1 19. Bxf6
Bxf6 20. Qxd1 Ne5 21. f4 Nc6 22. a3 Bg7 23. Rxe8 Rxe8 24. Ka2 f5 25. Qb3 Nd8
26. Bf1 c6 27. d4 d5 28. Qb4 Bf8 29. Qb3 Re1 30. Bd3 Re3 31. Qc2 Nf7 32. Qd2
Re8 33. Qf2 Nd6 34. h3 Ne4 35. Bxe4 fxe4 36. g4 Bh6 37. f5 e3 38. Qe2 gxf5
39. gxf5 Rf8 40. Qh5 Bf4 41. Qg4 Bd6 42. Qe2 Re8 43. f6 Kc7 44. f7 Rf8 45.
Qxe3 Rxf7 46. Qe2 Re7 47. Qh5 Kd7 48. Qf5+ Kc7 49. h4 Rd7 50. h5 Re7 51. h6
Rd7 52. Kb3 b5 53. Ka2 a5 54. Kb3 a4+ 55. Ka2 Re7 56. Qf6 Rd7 57. Qh8 Kb7
58. Qe8 Rc7 59. Qd8 Bf4 60. Qf6 Bg3 61. Kb1 Rd7 62. Qf5 Re7 63. Qg5 Bd6 64.
Qf6 Kc7 65. Ka2 Rd7 66. Kb1 Re7 67. Kc2 Rd7 68. Kd3 Re7 69. Kd2 Rd7 70. Ke2
Rd8 71. Qg7+ Rd7 72. Qg5 Rf7 73. Ke3 Kd7 74. Qg8 Re7+ 75. Kf3 Kc7 76. Qa8
Kd7 77. Qb7+ Bc7 78. Kg4 Re6 79. Qa8 Rxh6 80. Qh8 Re6 81. Qxh7+ Re7 82. Qf5+
Kd8 83. Kg5 Bd6 84. Qf6 Kd7 85. Kf5 Kc7 86. Qg5 Kd7 87. Kf6 Re6+ 88. Kf5 Re7
89. Kg6 Re6+ 90. Kh5 Re7 91. Qg4+ Kd8 92. Qg8+ Kd7 93. Qg5 Rh7+ 94. Kg6 Re7
95. Qf5+ Kd8 96. Qf8+ Kd7 97. Qa8 Re6+ 98. Kf5 Re8 99. Qb7+ Bc7 100. Qa7
Rf8+ 101. Kg6 Re8 102. Qc5 Bd6 103. Qa7+ Bc7 104. Qc5 Bd6 105. Qa7+ Bc7 106.
Qc5 Bd6 {Game drawn by repetition} 1/2-1/2

[Event "ICC tourney 3119 (40 10)"]
[Site "Internet Chess Club"]
[Date "2023.02.04"]
[Round "5"]
[White "WESLEY, GEORGE:Maglars"]
[Black "Yan, Rayna:K01-30157975"]
[Result "1-0"]
[ICCResult "Black resigns"]
[WhiteElo "954"]
[BlackElo "1034"]
[Opening "English: Bremen, Smyslov system"]
[ECO "A22"]
[NIC "EO.10"]
[Time "20:02:49"]
[PlyCount "75"]
[TimeControl "2400+10"]

1. c4 e5 2. Nc3 Nf6 3. g3 Bb4 4. Bg2 c6 5. Nf3 e4 6. Nd4 d5 7. cxd5 cxd5 8.
Qa4+ Nc6 9. Nxc6 bxc6 10. Qxb4 Bd7 11. Qb3 O-O 12. O-O Qc8 13. f3 Bh3 14. d3
Bxg2 15. Kxg2 exd3 16. exd3 d4 17. Ne4 Nd5 18. Qc4 f5 19. Nc3 dxc3 20. bxc3
Kh8 21. Re1 Re8 22. Bd2 Rb8 23. Rxe8+ Qxe8 24. Re1 Qd7 25. Qd4 Rb2 26. Re2
h6 27. c4 Nf6 28. Qxb2 Qxd3 29. Bc3 Kh7 30. Bxf6 gxf6 31. Qc2 Qd7 32. g4 Kh8
33. gxf5 Qg7+ 34. Kf2 a6 35. Qd2 Qa7+ 36. Qe3 Qg7 37. Qe8+ Kh7 38. Re7
{Black resigns}
1-0

[Event "ICC tourney 3119 (40 10)"]
[Site "Internet Chess Club"]
[Date "2023.02.04"]
[Round "5"]
[White "STINSON, RUSSELL:rcstinson"]
[Black "Dillibabu, Jaithra:JaithraDilli"]
[Result "0-1"]
[ICCResult "White checkmated"]
[WhiteElo "1383"]
[BlackElo "1283"]
[Opening "Nimzovich-Larsen attack: classical variation"]
[ECO "A01"]
[NIC "VO.08"]
[Time "20:00:45"]
[PlyCount "68"]
[TimeControl "2400+10"]

1. b3 d5 2. Bb2 Nf6 3. e3 e6 4. f4 Nc6 5. Nf3 Bd6 6. Be2 O-O 7. O-O Re8 8.
Ne5 Nd7 9. Nxc6 bxc6 10. Bd3 h6 11. Rf3 e5 12. Rg3 Qe7 13. Qg4 f6 14. Qg6 e4
15. Be2 Kh8 16. Bg4 Nf8 17. Qh5 Bxg4 18. Rxg4 Ne6 19. Rg6 Nf8 20. Bxf6 gxf6
21. Rxh6+ Nh7 22. Nc3 Qg7 23. Ne2 Rg8 24. Ng3 Bf8 25. Rxh7+ Qxh7 26. Qe2 Bc5
27. Nh5 Qg6 28. f5 Qg5 29. Rf1 Raf8 30. Rf4 d4 31. h3 dxe3 32. Rg4 exd2+ 33.
Kh1 Qe3 34. Rg6 Qg1# {White checkmated} 0-1

[Event "ICC tourney 3119 (40 10)"]
[Site "Internet Chess Club"]
[Date "2023.02.04"]
[Round "5"]
[White "Cao, Frank Zhongtian:FrankCao"]
[Black "Ganguly, Maitreya:mganguly"]
[Result "1-0"]
[ICCResult "Black resigns"]
[WhiteElo "1320"]
[BlackElo "975"]
[Opening "Caro-Kann: exchange variation"]
[ECO "B13"]
[NIC "CK.02"]
[Time "20:00:36"]
[PlyCount "122"]
[TimeControl "2400+10"]

1. e4 c6 2. d4 d5 3. exd5 cxd5 4. Bd3 Nc6 5. c3 Nf6 6. h3 Qc7 7. Nf3 e5 8.
dxe5 Nxe5 9. Nxe5 Qxe5+ 10. Qe2 Bd6 11. Qxe5+ Bxe5 12. O-O O-O 13. Nd2 Re8
14. Nf3 Bd6 15. Bg5 Ne4 16. Bxe4 dxe4 17. Nd4 h6 18. Be3 Be6 19. Nxe6 Rxe6
20. Rad1 a6 21. Rfe1 f5 22. Bd4 Rae8 23. Rd2 Bf4 24. Rde2 Be5 25. Bxe5 Rxe5
26. g3 Kf7 27. f3 e3 28. f4 Re4 29. Kg2 Rd8 30. Kf3 Rd2 31. Rxd2 exd2 32.
Rd1 Re7 33. Rxd2 Kg6 34. Rd6+ Kf7 35. Rd5 Kg6 36. Rd2 h5 37. h4 Kf7 38. c4
Kf6 39. a3 b5 40. cxb5 axb5 41. Rd6+ Re6 42. Rxe6+ Kxe6 43. Ke3 Kd5 44. Kd3
Kc5 45. b3 Kd5 46. a4 Kc5 47. axb5 Kxb5 48. Kd4 Kb4 49. Ke5 Kxb3 50. Kxf5
Kc3 51. Kg6 Kd3 52. Kxg7 Ke3 53. f5 Kf3 54. f6 Kxg3 55. f7 Kxh4 56. f8=Q Kh3
57. Qf1+ Kh4 58. Qh1+ Kg5 59. Qh3 h4 60. Kf7 Kh5 61. Kf6 Kh6 {Black resigns}
1-0